 Dungeon Crawl Stone Soup version 0.23.1 (webtiles) character file.

Game seed: 6320239208480781405

39 Fang the Skirmisher (level 3, -1/36 HPs)
             Began as a Gargoyle Berserker on Mar 11, 2019.
             Was a Follower of Trog.
             Slain by an adder (4 damage)
             ... on level 2 of the Dungeon.
             The game lasted 00:00:53 (934 turns).

Fang the Skirmisher (Gargoyle Berserker)             Turns: 934, Time: 00:00:53

Health: -1/36      AC:  1    Str: 26    XL:     3   Next: 45%
Magic:  3/3        EV: 12    Int:  7    God:    Trog [*.....]
Gold:   42         SH:  0    Dex:  9    Spells: 2/2 levels left

rFire    . . .     SeeInvis .   f - +2 hand axe (venom)
rCold    . . .     Gourm    .   (no shield)
rNeg     + . .     Faith    .   b - +0 animal skin
rPois    ∞         Spirit   .   (no helmet)
rElec    +         Reflect  .   (no cloak)
rCorr    .         Harm     .   (no gloves)
MR       .....                  (no boots)
Stlth    ..........             (no amulet)
HPRegen  0.12/turn              m - -4 ring of protection (curse)
MPRegen  0.08/turn              (no ring)

@: berserking, very quick
A: negative energy resistance 1, electricity resistance, unbreathing,
petrification resistance, rot immunity, AC +3
a: Berserk, Renounce Religion


You were on level 2 of the Dungeon.
You worshipped Trog.
Trog was aware of your devotion.
You were hungry.

You visited 1 branch of the dungeon, and saw 2 of its levels.

You collected 42 gold pieces.

Inventory:

Hand Weapons
 a - a +0 hand axe
 f - a +2 hand axe of venom (weapon)
Armour
 b - a +0 animal skin (worn)
Jewellery
 m - a cursed -4 ring of protection (left hand)
Scrolls
 e - 6 scrolls of teleportation {unknown}
 h - 2 scrolls of identify {unknown}
 k - 2 scrolls of remove curse {unknown}
Potions
 d - 2 potions of haste {unknown}
 g - a potion of cancellation {unknown}
 i - a potion of brilliance {unknown}
 j - a potion of mutation {unknown}
 l - 2 potions of magic {unknown}
 n - 3 potions of heal wounds {unknown}
Comestibles
 c - 4 rations


   Skills:
 + Level 3.7 Fighting
 + Level 3.0 Axes
 + Level 2.7 Armour
 + Level 2.0 Dodging


You had 2 spell levels left.
You didn't know any spells.
Your spell library was empty.

Dungeon Overview and Level Annotations

Branches:
Dungeon (2/15)

Altars:


Innate Abilities, Weirdness & Mutations

You are resistant to torment.
Your stone body is resilient. (AC +3)
You are immune to poison.
You resist negative energy. (rN+)
You are resistant to electric shocks. (rElec)
You can survive without breathing.
You are immune to petrification.
You are immune to rotting.


Message History

You are too injured to fight recklessly!
You are too injured to fight recklessly!
You are too injured to fight recklessly!
You are too injured to fight recklessly!
You miss the adder.
The adder is heavily wounded.
You barely miss the adder. The adder bites you. The adder barely misses you.
The adder misses you. The adder bites you.
* * * LOW HITPOINT WARNING * * *
You barely miss the adder.
The adder is severely wounded.
You hit the adder. The adder bites you.
* * * LOW HITPOINT WARNING * * *
The adder closely misses you. The adder bites you.
* * * LOW HITPOINT WARNING * * *
A red film seems to cover your vision as you go berserk!
You feel yourself moving faster!
You feel mighty!
You are feeling hungry.
The adder bites you.
You die...

##.## ..... #...#
#...# ##
#...##.##
#####...#...##
.#..$.S†......#
>......@.......
.#.....S......#
#####...#...##
#.........
#...#####.
#...#### #
##.....# .#
######.##.##.###.
#................


You could see 2 adders.

Vanquished Creatures
  An adder (D:2)
  A worm (D:2)
  A dart slug (D:1)
  A leopard gecko (D:1)
  2 ball pythons (D:1)
  A giant cockroach (D:2)
  2 hobgoblins
  3 jackals (D:2)
  2 bats
  3 frilled lizards
  2 goblins (D:1)
  A kobold (D:1)
  6 rats
26 creatures vanquished.

Vanquished Creatures (others)
  7 toadstools (D:1)
7 creatures vanquished.

Grand Total: 33 creatures vanquished

Notes
Turn   | Place    | Note
-------+----------+-------------------------------------------
     0 | D:1      | Fang the Gargoyle Berserker began the quest for the Orb.
     0 | D:1      | Reached XP level 1. HP: 14/14 MP: 1/1
   138 | D:1      | Reached XP level 2. HP: 13/19 MP: 2/2
   496 | D:2      | Reached XP level 3. HP: 17/23 MP: 3/3
   934 | D:2      | Slain by an adder

Skill      XL: |  1  2  3 |
---------------+----------+-----
Axes           | 3 |  3.0
Dodging        | 2 |  2.0
Fighting       | |  3.7
Armour         | |  2.7

Action                   || total
-------------------------++-------
Melee: Hand axe          ||    56
Invok: Berserk           ||     1
 Stab: Sleeping          ||     1
Armor: Animal skin       ||    14
Dodge: Dodged            ||    45
